 Dungeon Crawl Stone Soup version 0.22-a0-93-g6b88ebb (webtiles) character file.

137 KristoblXynda the Ruffian (level 5, -10/46 HPs)
             Began as a Draconian Monk on Jan 24, 2018.
             Mangled by wazuzu's ghost (12 damage)
             ... on level 3 of the Dungeon.
             The game lasted 00:05:45 (1799 turns).

KristoblXynda the Ruffian (Draconian Monk)          Turns: 1799, Time: 00:05:46

Health: -10/46     AC:  6    Str: 14    XL:     5   Next: 0%
Magic:  5/5        EV: 14    Int: 11    God:
Gold:   102        SH:  0    Dex: 15    Spells: 4/4 levels left

rFire    + . .     SeeInvis .     - Unarmed
rCold    . . .     Gourm    .   (no shield)
rNeg     . . .     Faith    .   (armour unavailable)
rPois    .         Spirit   .   (helmet restricted)
rElec    .         Reflect  .   (no cloak)
rCorr    .         Harm     .   d - +0 pair of gloves
MR       .....     Clarity  +   (no boots)
Stlth    +++.......             (no amulet)
HPRegen  0.15/turn              f - ring of protection from fire
MPRegen  0.09/turn              i - ring of stealth

@: no status effects
A: unfitting armour, agile 1, clarity, wild magic 1, cold-blooded, MP-powered
wands, AC +5
a: no special abilities


You were on level 3 of the Dungeon.
You were not hungry.

You visited 1 branch of the dungeon, and saw 3 of its levels.

You collected 102 gold pieces.

Inventory:

Armour
 d - a +0 pair of gloves (worn)
Jewellery
 f - a ring of protection from fire (left hand)
 i - a ring of stealth (right hand)
Scrolls
 c - a scroll of fog
 j - a scroll of remove curse
Comestibles
 a - 4 rations
 l - a chunk of flesh


   Skills:
 + Level 4.2 Fighting
 + Level 3.4 Dodging
 - Level 1.7 Stealth
 * Level 4.5 Unarmed Combat


You had 4 spell levels left.
You didn't know any spells.

Dungeon Overview and Level Annotations

Branches:
Dungeon (3/15)

Altars:

Annotations:
D:3 wazuzu's ghost, amateur DsGl


Innate Abilities, Weirdness & Mutations

Your plain brown scales are hard. (AC +5)
You cannot fit into any form of body armour.
You are cold-blooded and may be slowed by cold attacks.
You are agile. (Dex +2)
You possess an exceptional clarity of mind.
Your spells are a little harder to cast, but a little more powerful.
You expend magic power (3 MP) to strengthen your wands.


Message History

You tail-slap wazuzu's ghost, but do no damage.
Wazuzu's ghost is lightly damaged.
Wazuzu's ghost closely misses you. The hobgoblin barely misses you.
The jackal barks!
You hit wazuzu's ghost.
Wazuzu's ghost is moderately damaged.
Wazuzu's ghost hits you but does no damage.
The hobgoblin hits you but does no damage.
You barely miss wazuzu's ghost.
Wazuzu's ghost is moderately damaged.
Wazuzu's ghost barely misses you. The hobgoblin closely misses you.
You barely miss wazuzu's ghost.
Wazuzu's ghost is moderately damaged.
Wazuzu's ghost hits you!
* * * LOW HITPOINT WARNING * * *
The hobgoblin hits you but does no damage.
You punch wazuzu's ghost!
Wazuzu's ghost is heavily damaged.
Wazuzu's ghost hits you!
You die...

..........%.r...#
.....##########.#
.....# #.#
....r##### #.#
.......))# ####.#
)#?#####.#
#....## ##.# #)#
#...sr# ##.# #)#
#####W# ##.## #.#
#@# ##..# #.# #g#
###.# #.# #S# #
#.# #.# *#h#*
###.## #.#
****hh.*
##...###.#
*,,,.#.*
#.....##.#
*,**.,.*
.........#
*,*##*##
#.....#### *,****


You could see wazuzu's ghost, an adder, 3 jackals, a giant cockroach, a
hobgoblin and a rat.

Vanquished Creatures
  An orc priest (D:3)
  2 adders (D:2)
  An ooze (D:1)
  A worm (D:2)
  3 leopard geckos (D:1)
  3 orcs (D:3)
  A ball python (D:1)
  4 giant cockroaches
  10 goblins
  6 hobgoblins
  14 jackals (D:1)
  3 bats
  4 frilled lizards
  6 kobolds
  10 rats
69 creatures vanquished.

Notes
Turn   | Place    | Note
-------+----------+-------------------------------------------
     0 | D:1      | KristoblXynda the Draconian Monk began the quest for the Orb.
     0 | D:1      | Reached XP level 1. HP: 19/19 MP: 1/1
   233 | D:1      | Reached XP level 2. HP: 24/26 MP: 2/2
   561 | D:1      | Reached XP level 3. HP: 18/33 MP: 3/3
  1274 | D:2      | Reached XP level 4. HP: 40/40 MP: 4/4
  1711 | D:3      | Reached XP level 5. HP: 32/46 MP: 5/5
  1715 | D:3      | Noticed wazuzu's ghost (amateur DsGl)
  1744 | D:3      | Gained mutation: Your spells are a little harder to cast, but a little more powerful. [potion of mutation]
  1744 | D:3      | Gained mutation: You expend magic power (3 MP) to strengthen your wands. [potion of mutation]
  1744 | D:3      | Gained mutation: You possess an exceptional clarity of mind. [potion of mutation]
  1744 | D:3      | Gained mutation: You are agile. (Dex +2) [potion of mutation]
  1746 | D:3      | HP: 2/46 [wazuzu's ghost (8)]
  1798 | D:3      | HP: 2/46 [wazuzu's ghost (8)]
  1799 | D:3      | Mangled by wazuzu's ghost

Vault maps used:
D:1:      tarquinn_simple_flora_water_f
D:2:      nrook_mini_backslash
D:3:      first_ration, grunt_ministairs_8

Skill      XL: |  1  2  3  4 |
---------------+-------------+-----
Dodging        | 3 |  3.4
Unarmed Combat | 4 |  4.5
Fighting       | 4 |  4.2
Stealth        | |  1.7

Action                   |  1- 3 |  4- 6 || total
-------------------------+-------+-------++-------
Melee: Unarmed           |   223 |    66 ||   289
       Tailslap          |    25 |    11 ||    36
       Punch             |     4 |       ||     4
  Use: Scroll            |       |     5 ||     5
       Potion            |       |     2 ||     2
 Stab: Sleeping          |     2 |     5 ||     7
  Eat: Chunk             |     1 |     2 ||     3
Armor: Skin              |    51 |    14 ||    65
Dodge: Dodged            |   161 |    32 ||   193

Table legend:
 A = Spawn XP
 B = Non-spawn XP
 C = Spawn XP percentage of total XP
 D = Spawn monster count
 E = Non-spawn monster count
 F = Spawn count percentage of total count
 G = Total turns spent on level
                    A         B        C        D         E        F      G
               +---------+---------+-------+---------+---------+-------+---------
         Total |       0 |     196 |   0.0 |       0 |      69 |   0.0 |  1799
               +---------+---------+-------+---------+---------+-------+---------
           D:1 |       0 |      79 |   0.0 |       0 |      40 |   0.0 |  1102
           D:2 |       0 |      58 |   0.0 |       0 |      21 |   0.0 |   485
           D:3 |       0 |      59 |   0.0 |       0 |       8 |   0.0 |   212
               +---------+---------+-------+---------+---------+-------+---------
